 Dungeon Crawl Stone Soup version 0.22-a0-246-gdc04c06 (webtiles) character file.

432048 Amnesiac the Evocator (level 22, -10/134 HPs)
             Began as a Spriggan Artificer on Feb 22, 2018.
             Was an Initiate of Gozag.
             Mangled by a Hell Sentinel (11 damage)
             ... on level 7 of the Iron City of Dis on Feb 23, 2018.
             The game lasted 05:16:36 (84377 turns).

Amnesiac the Evocator (Spriggan Artificer)         Turns: 84377, Time: 05:16:37

Health: -10/134    AC: 28    Str: 25      XL:     22   Next: 86%
Magic:  0/39       EV:  4    Int: 13      God:    Gozag
Gold:   5642       SH:  0    Dex: 17 (19) Spells: 11/41 levels left

rFire    + . .     SeeInvis +   q - +1 demon blade (elec)
rCold    + . .     Gourm    .   N - +2 buckler
rNeg     + + +     Faith    .   P - +5 gold dragon scales
rPois    ∞         Spirit   +   (helmet restricted)
rElec    +         Reflect  .   i - +2 cloak {+Inv}
rCorr    .         Harm     .   (gloves unavailable)
MR       +++..                  (boots unavailable)
Stlth    ..........             K - amulet of guardian spirit
HPRegen  0.32/turn              A - ring of Phasing {EV+8}
MPRegen  0.26/turn              C - ring "Hevam" {rElec Str+5}

@: mighty, petrified, studying Throwing, drained, very quick
A: very small, unfitting armour, fangs 1, see invisible, herbivore, speed 3,
sense surroundings 1, robust 1, slow metabolism 2
}: 2/15 runes: slimy, abyssal
a: Potion Petition, Call Merchant, Bribe Branch, Renounce Religion, Evoke
Invisibility


You were on level 7 of the Iron City of Dis.
You worshipped Gozag.
Gozag was greatly pleased with you.
You were full.

You visited 9 branches of the dungeon, and saw 45 of its levels.
You visited the Abyss 7 times.
You also visited: Labyrinth, Ossuary and Ice Cave.

You collected 25377 gold pieces.
You spent 10964 gold pieces at shops.
You paid 8771 gold pieces to Gozag.

Inventory:

Hand Weapons
 a - a +8 quick blade of piercing
 b - a +4 blowgun
 e - the +8 demon blade "Bloodbane" {slice, *Rage +Rage Stlth-}
   (You took it off a deep elf annihilator on level 3 of the Elven Halls)

   It inflicts extra damage upon your enemies.
   It lets you go berserk.
   It may make you go berserk in combat.
   It makes you less stealthy.
 o - a +5 demon blade of flaming
 q - a +1 demon blade of electrocution (weapon)
Missiles
 f - 35 poisoned needles
 x - 10 needles of confusion
 Q - 7 curare-tipped needles
Armour
 i - a +2 cloak of invisibility (worn)
 N - a +2 buckler (worn)
 P - +5 gold dragon scales (worn)
 X - a scarf of repulsion
Jewellery
 w - an uncursed ring of flight
 A - the ring of Phasing (left hand) {EV+8}
   (You found it on level 5 of the Pits of Slime)

   [ring of evasion]

   It affects your evasion (+8).
 C - the ring "Hevam" (right hand) {rElec Str+5}
   (You took it off an orc on level 5 of the Dungeon)

   [ring of strength]

   It affects your strength (+5).
   It insulates you from electricity.
 K - an amulet of guardian spirit (around neck)
 L - the ring of Lesser Demons {rPois rF+ rC+ SInv}
   (You took it off a deep elf annihilator on level 3 of the Elven Halls)

   [ring of poison resistance]

   It protects you from fire.
   It protects you from cold.
   It protects you from poison.
   It lets you see invisible.
Wands
 d - a wand of enslavement (10)
 g - a wand of acid (19)
 h - a wand of flame (51)
 j - a wand of random effects (72)
 y - a wand of paralysis (9)
 R - a wand of iceblast (7)
 U - a wand of scattershot (4)
 V - a wand of digging (36)
 Y - a wand of polymorph (40)
Scrolls
 c - 3 scrolls of fear {!r}
 n - 4 scrolls of magic mapping {!r}
 p - 8 scrolls of fog {!r}
 s - 12 scrolls of remove curse {!r}
 F - 6 scrolls of teleportation {!r}
 H - 2 scrolls of vulnerability {!r}
 T - 9 scrolls of identify {!r}
Potions
 l - 10 potions of brilliance {!q}
 r - 2 potions of magic {!q}
 t - a potion of resistance {!q}
 u - a potion of berserk rage {!q}
 v - 5 potions of curing {!q}
 z - 4 potions of invisibility {!q}
 D - 2 potions of might {!q}
Books
 m - a manual of Throwing
Miscellaneous
 k - a lightning rod (4/4)
 E - 5 phantom mirrors
 G - 3 boxes of beasts
 I - the horn of Geryon (inert)
 S - a crystal ball of energy
 Z - a fan of gales (inert)
Comestibles
 J - 20 rations


   Skills:
 - Level 15.0(14.9) Fighting
 - Level 10.0(13.5) Short Blades
 + Level 12.2(12.8) Long Blades
 - Level 14.0(13.8) Armour
 - Level 20.0(19.8) Dodging
 - Level 18.1(17.9) Stealth
 - Level 10.5(10.3) Shields
 - Level 10.0(9.9) Spellcasting
 - Level 2.0(1.9) Charms
 - Level 2.0(1.8) Translocations
 - Level 2.0(1.9) Air Magic
 - Level 24.5(24.3) Evocations


You had 11 spell levels left.
You knew the following spells:

 Your Spells              Type           Power        Failure   Level  Hunger
a - Poisonous Vapours     Pois/Air       #.....       98%         2    None
b - Passwall              Tmut/Erth      #.........   99%         2    None
c - Apportation           Tloc           ##....       83%         1    None
d - Spectral Weapon       Hex/Chrm       #.......     100%        3    ##.....
e - Mephitic Cloud        Conj/Pois/Air  #.......     100%        3    ##.....
f - Passage of Golubria   Tloc           N/A          100%        4    ####...
g - Summon Lightning Spi  Summ/Air       #.......     100%        4    ####...
h - Infusion              Chrm           ##..         83%         1    None
i - Summon Small Mammal   Summ           #...         98%         1    None
r - Regeneration          Chrm/Necr      #.........   100%        3    ##.....
s - Conjure Flame         Conj/Fire      #.......     100%        3    ##.....
v - Blink                 Tloc           N/A          93%         2    None
z - Confusing Touch       Hex            #.....       98%         1    None


Dungeon Overview and Level Annotations

Branches:
Dungeon (15/15)            Temple (1/1) D:4            Lair (6/6) D:10
 Shoals (0/4) Lair:4       Spider (0/4) Lair:3        Slime (5/5) Lair:5
    Orc (2/2) D:12            Elf (3/3) Orc:2        Vaults (0/5) D:13
 Depths (5/5) D:15           Hell (1/1)                 Dis (7/7) Hell
    Geh (0/7) Hell            Coc (0/7) Hell            Tar (0/7) Hell
    Zot (0/5) Depths:5

Altars:
Ashenzari
Cheibriados
Dithmenos
Elyvilon
Fedhas
Gozag
Hepliaklqana
Kikubaaqudgha
Makhleb
Nemelex Xobeh
Okawaru
Qazlal
Ru
Sif Muna
Trog
Uskayaw
Vehumet
Wu Jian
Xom
Yredelemnul
Zin
The Shining One
Beogh
Jiyva

Shops:
D:4 (   D:6 =   D:15 [   Orc:2 *([:   Elf:2 *=*   Lair:6 (   Depths:1 :*
Depths:4 }==

Portals:
Hell: Depths:1 Depths:2 Depths:3 Depths:4 Depths:5
Abyss: Depths:2 Depths:3 Depths:4
Pandemonium: Depths:3
Ziggurat: Depths:4

Annotations:
D:14 1 exclusion
Dis:2 exclusions: ancient champion, iron giant and tormentor


Innate Abilities, Weirdness & Mutations

You are very small and have problems with some larger weapons.
You are too small for most types of armour.
You have supernaturally acute eyesight. (SInv)
You are a herbivore.
You cover ground extremely quickly.
You need consume almost no food.
You have very sharp teeth.
You passively map a small area around you.
You are robust. (+10% HP)


Message History

You feel strangely unstable. The iron golem completely misses you.
You slash the iron golem!
You bite the iron golem, but do no damage.
The iron golem is lightly damaged.
You slash the iron golem!
The iron golem is lightly damaged.
The iron golem hits you!
* * * LOW HITPOINT WARNING * * *
"You will not leave this place."
You are slowing down.
Unknown command.
Okay, then.
Okay, then.
You feel a little less agile now.
You start to feel less resistant.
The iron golem hits you but does no damage.
Your limbs are stiffening.
You have turned to stone.
Your surroundings seem slightly different.
The iron golem hits you but does no damage.
The Hell Sentinel hits you!!
* * * LOW HITPOINT WARNING * * *
The Hell Sentinel hits you but does no damage.
You hear a shout!
You hear an angry squeal.
The iron golem hits you.
The Hell Sentinel hits you but does no damage.
The Hell Sentinel completely misses you.
Your resistance to elements expires.
The Hell Sentinel hits you!
* * * LOW HITPOINT WARNING * * *
The Hell Sentinel hits you.
* * * LOW HITPOINT WARNING * * *
The iron golem hits you but does no damage.
The iron imp barely misses you.
The Hell Sentinel hits you but does no damage.
The Hell Sentinel hits you!
* * * LOW HITPOINT WARNING * * *
The iron golem hits you but does no damage.
The iron imp hits you but does no damage.
The Hell Sentinel hits you!!
* * * LOW HITPOINT WARNING * * *
The Hell Sentinel hits you but does no damage.
The iron giant throws the ice devil at you!
* * * LOW HITPOINT WARNING * * *
The iron golem hits you!!
* * * LOW HITPOINT WARNING * * *
The ice devil hits you but does no damage.
The war gargoyle hits you but does no damage.
The Hell Sentinel hits you!
* * * LOW HITPOINT WARNING * * *
The Hell Sentinel hits you but does no damage.
The ice devil hits you. The ice devil freezes you! You resist.
* * * LOW HITPOINT WARNING * * *
The iron golem completely misses you. The war gargoyle barely misses you.
The Hell Sentinel barely misses you. The Hell Sentinel hits you.
The iron dragon bites you.
* * * LOW HITPOINT WARNING * * *
The iron dragon claws you but does no damage.
The iron dragon tramples you but does no damage.
The ice devil hits you but does no damage.
The war gargoyle hits you but does no damage.
The iron golem completely misses you. The Hell Sentinel hits you!!
You die...
Your body crumbles into a pile of gold.

.'T.$41Z1.T1C5'4.,,,,,,,'........
##...##########..,,,,,,,#.4.....z
#2...#* ****,8,8,8,,**.8.8...5
......******,,+,,,,,,,***...5.95.
.......,,,**,,+,,,,,,** ######5T'
......,,,,,*,,*,,,,,** #....T12.
##...,,,,,,*,,*,,,#######...19.C.
**,,,,,,,,*++#####....1'...D.h$.
*,,,,,,,,*$$#4@1#....C$5.$.h4..
*,,,,,,,,*$$#D89#...C2#.8.8.8..
*,,,,,,,,*,,#$51CC....#........
####,,,,,,,*,,#.}.'.....#########
#..######################,,**,,**
.....z...9.........,,,,,,,,,,,,,,
.....z.W.9.........,,,,,,,,,,,,,,
###################**************


You could see 2 iron giants, 2 Hell Sentinels, an iron golem, an iron dragon, a
war gargoyle, an ice devil and an iron imp.

Vanquished Creatures
  Geryon (Hell)
  A bone dragon (Dis:3)
  A golden dragon (Depths:5)
  An iron giant (Dis:7)
  2 Ice Fiends
  5 deep elf blademasters
  Murray (Depths:2)
  14 acid blobs
  2 deep elf master archers (Elf:3)
  4 ancient champions
  2 sphinxes (Depths:2)
  2 Executioners
  6 tentacled starspawn
  3 storm dragons
  A shadow dragon (Depths:4)
  A thorn hunter (Depths:4)
  Donald (Elf:1)
  14 azure jellies
  A revenant (Depths:1)
  A draconian monk (Depths:5)
  7 fire giants
  4 deep elf sorcerers (Elf:3)
  7 frost giants
  An orc warlord (Orc:2)
  A deep elf elementalist (Elf:3)
  A cacodemon (Dis:5)
  A draconian scorcher (Depths:5)
  2 balrugs
  11 reapers
  2 war gargoyles
  An ophan (Abyss:1)
  Nessos (D:15)
  5 deep elf demonologists
  20 very ugly things
  9 stone giants
  3 vampire knights
  A green draconian (Abyss:1)
  2 black draconians (Depths:5)
  A minotaur (Lab)
  Azrael (Elf:1)
  2 lorocyprocas
  2 red draconians (Depths:5)
  11 deep elf annihilators
  9 spark wasps
  4 deep elf death magi (Elf:3)
  A white draconian (Depths:5)
  A green death (Abyss:1)
  7 fire dragons
  5 deep elf high priests (Elf:3)
  3 blizzard demons
  2 jiangshi (Depths:2)
  7 ettins
  Josephine (Lair:5)
  A vault guard (D:13)
  5 yaktaur captains
  3 rakshasas
  11 great orbs of eyes
  7 ice dragons
  4 ogre magi
  3 spriggan air magi
  10 hydras
  A death knight (D:13)
  2 catoblepae
  8 centaur warriors
  9 hell hogs
  15 two-headed ogres
  6 orc high priests (Orc:2)
  A queen ant (D:12)
  A death yak (IceCv)
  3 vampire magi
  4 tengu warriors
  5 deep troll shamans
  7 deep troll earth magi
  6 spriggan berserkers
  5 thrashing horrors
  4 soul eaters
  5 wretched stars
  A fire crab (shapeshifter) (Elf:2)
  16 deep elf knights
  4 spriggans
  11 sun demons
  2 iron golems
  A sixfirhy (Abyss:2)
  14 skeletal warriors
  15 hell knights
  7 unseen horrors
  2 spatial maelstroms
  4 flayed ghosts
  33 starcursed masses
  4 glowing orange brains
  A storm dragon zombie (Dis:3)
  A ghost moth zombie (Dis:7)
  2 iron trolls (Depths:3)
  A kraken simulacrum (Hell)
  A shadow wraith (Abyss:1)
  A wizard (Abyss:1)
  A swamp dragon (Lair:6)
  10 deep trolls
  14 deep elf archers
  2 anaconda skeletons (Hell)
  4 orange crystal statues (Orc:2)
  Pikel (Temple)
  2 lindwurms (Lair:6)
  A shadow dragon zombie (Dis:4)
  4 necromancers
  2 iron dragon zombies
  The ghost of Amnesiac the Nimble, a novice SpAr of Gozag (D:9)
  2 phantasmal warriors
  6 oklob plants
  3 orc knights (Orc:2)
  A salamander (shapeshifter) (Depths:4)
  A wolf spider zombie (Dis:7)
  4 manticores
  6 orc sorcerers
  19 ugly things
  3 frost giant zombies
  A wolf spider (shapeshifter) (Depths:3)
  3 cyclopes
  3 stone giant zombies
  2 worldbinders
  62 deep elf magi
  11 shining eyes
  3 eyes of devastation
  A fire giant zombie (Dis:3)
  22 rust devils
  4 orange demons
  5 black mambas
  A guardian serpent (shapeshifter) (Abyss:2)
  A fire giant skeleton (Abyss:2)
  An apocalypse crab (Abyss:1)
  2 ice statues
  A gargoyle (D:13)
  5 smoke demons
  11 spiny frogs
  5 freezing wraiths
  8 torpor snails (Lair:6)
  A black draconian zombie (Dis:4)
  A komodo dragon (shapeshifter) (Depths:5)
  6 yaktaurs
  4 rime drakes
  14 tormentors
  5 hellions
  6 komodo dragons
  2 centaur skeletons
  12 ancient zymes
  7 red devils
  3 tengu conjurers
  A demonic crawler (Abyss:5)
  4 ice devils
  A harpy zombie (Dis:7)
  2 meliai (D:14)
  A meliai (shapeshifter) (D:15)
  A queen bee (shapeshifter) (Depths:2)
  A queen bee (Lair:3)
  5 trolls
  4 hydra zombies
  17 polar bears
  A jumping spider (shapeshifter) (Depths:2)
  Prince Ribbit (D:5)
  12 hornets
  A hornet (shapeshifter) (D:15)
  Grinder (D:4)
  7 blink frogs
  3 tyrant leeches (Lair:6)
  11 raiju
  An ettin zombie (Dis:6)
  The ghost of p0werm0de the Conjurer, an amateur DsFE (D:5)
  2 ice dragon zombies (Dis:4)
  75 slime creatures
  6 hippogriffs
  2 alligator skeletons (Hell)
  28 large abominations
  11 flying skulls
  3 air elementals
  4 ynoxinuls (Abyss:1)
  4 shadows
  An ettin skeleton (Abyss:3)
  Eustachio (D:5)
  9 water elementals
  7 wraiths
  A vampire (D:15)
  A black mamba zombie (Hell)
  8 wyverns
  A human (D:14)
  34 yaks
  3 basilisks
  2 fire bats (Abyss:2)
  3 hungry ghosts
  13 fire elementals
  3 golden eyes (Slime:1)
  8 vampire mosquitoes
  3 steam dragons
  A chaos spawn (Abyss:3)
  A neqoxec (Abyss:1)
  Menkaure (D:4)
  4 wargs
  A swamp worm (shapeshifter) (Depths:3)
  Edmund (Temple)
  Duvessa (D:4)
  A soldier ant (D:14)
  3 acid dragons (Lair:6)
  17 water moccasins
  A porcupine (shapeshifter) (Depths:2)
  A spiny frog zombie (Dis:2)
  20 hell hounds
  A floating eye (Slime:4)
  4 porcupines
  7 eyes of draining
  A swamp drake (Lair:6)
  5 black bears
  5 sky beasts
  A snapping turtle zombie (Dis:3)
  3 necrophages
  16 ogres
  5 ice beasts
  30 orc warriors
  An ettin simulacrum (Hell)
  A manticore zombie (Dis:7)
  An eye of draining (shapeshifter) (Elf:2)
  A phantom (Dis:3)
  A boggart (Depths:3)
  38 wolves
  8 centaurs
  11 crocodiles
  The ghost of anet the Magician, an amateur DEWz of Ashenzari (D:4)
  11 bullfrogs
  3 big kobolds
  Blork the orc (D:4)
  4 earth elementals
  A wyvern skeleton (D:13)
  3 scorpions
  30 killer bees
  An oklob sapling (D:9)
  25 wights
  A howler monkey (D:6)
  3 electric eels (Lair:4)
  14 crimson imps
  4 quasits
  4 bullfrog zombies
  4 centaur zombies
  5 hounds
  3 jellies
  Crazy Yiuf (D:5)
  20 orc priests
  20 iron imps
  7 iguanas
  14 orc wizards
  11 hell rats
  12 worker ants
  2 ogre zombies (Dis:6)
  21 small abominations
  2 hound zombies
  10 mummies
  A howler monkey zombie (D:6)
  3 worker ant zombies
  7 gnolls
  8 adders
  4 white imps
  3 ufetubi (Abyss:1)
  2 worms
  5 dart slugs
  5 leopard geckos
  69 orcs
  5 giant cockroaches
  5 goblins
  7 hobgoblins
  15 jackals
  4 quokkas
  6 ball pythons (D:9)
  3 bats
  11 frilled lizards
  2 gnoll zombies (Ossuary)
  2 hobgoblin zombies (Ossuary)
  A jackal skeleton (D:4)
  8 kobolds
  3 kobold zombies (Ossuary)
  A leopard gecko skeleton (D:5)
  An orc simulacrum (Hell)
  An orc zombie (Ossuary)
  A quokka zombie (D:8)
  12 rats
  A butterfly (D:4)
  3 plants
  6 starspawn tentacles
1692 creatures vanquished.

Vanquished Creatures (collateral kills)
  the Royal Jelly (Slime:5)
  Mennas (Depths:3)
  A Tzitzimitl (Dis:3)
  3 acid blobs
  An Executioner (Dis:3)
  A tentacled starspawn (Abyss:5)
  A purple draconian (Depths:5)
  2 death oozes (Slime:5)
  An ice dragon (Depths:5)
  A two-headed ogre (D:10)
  A hell hog (Dis:7)
  4 thrashing horrors (Abyss:5)
  A storm dragon zombie (Dis:3)
  A flayed ghost (Dis:3)
  A manticore (D:13)
  2 rust devils
  A hydra skeleton (Hell)
  A fire dragon zombie (Dis:3)
  5 slime creatures
  A starcursed mass (Abyss:5)
  A hungry ghost (D:13)
  A spiny frog zombie (Hell)
  A spiny frog skeleton (Hell)
  A sky beast (D:13)
  A centaur (D:7)
  A starspawn tentacle (Abyss:5)
  A tentacle (Hell)
38 creatures vanquished.

Vanquished Creatures (others)
  A deep elf sorcerer (Elf:1)
  2 spark wasps
  A hydra (D:13)
  21 dancing weapons
  A skeletal warrior (Dis:7)
  A deep elf mage (Elf:1)
  2 centaur skeletons (D:14)
  A yaktaur (Depths:4)
  A meliai (D:14)
  3 polar bears (IceCv)
  A water elemental (Depths:4)
  A merfolk zombie (Dis:7)
  A slave (D:4)
  An ogre (D:5)
  Dowan (D:4)
  A bullfrog zombie (D:9)
  An iguana (Lair:6)
  An iron imp (Dis:7)
  A kobold (D:12)
  2 bushes
  49 fungi
  A lurking horror (Abyss:5)
  47 plants
  A spectral weapon (Orc:2)
  28 starspawn tentacles
  4 tentacles (Hell)
175 creatures vanquished.

Grand Total: 1905 creatures vanquished

Notes
Turn   | Place    | Note
-------+----------+-------------------------------------------
     0 | D:1      | Amnesiac the Spriggan Artificer began the quest for the Orb.
     0 | D:1      | Reached XP level 1. HP: 9/9 MP: 4/4
   323 | D:1      | Reached skill level 1 in Fighting
   323 | D:1      | Reached XP level 2. HP: 11/14 MP: 6/6
   515 | D:2      | Found a stormy altar of Qazlal.
   873 | D:3      | Reached XP level 3. HP: 17/18 MP: 7/7
   881 | D:4      | Noticed Blork the orc
   886 | D:4      | Killed Blork the orc
   886 | D:4      | Reached skill level 5 in Evocations
   886 | D:4      | Reached XP level 4. HP: 22/22 MP: 7/9
   916 | D:3      | Noticed a sky beast
   922 | D:3      | Killed a sky beast
   922 | D:3      | Reached skill level 6 in Evocations
   922 | D:3      | Reached XP level 5. HP: 26/26 MP: 10/10
  1000 | D:4      | Noticed an ogre
  1028 | D:4      | Killed an ogre
  1028 | D:4      | Reached skill level 5 in Dodging
  1028 | D:4      | Reached XP level 6. HP: 31/31 MP: 10/12
  1037 | D:4      | Found a staircase to the Ecumenical Temple.
  1044 | Temple   | Entered the Ecumenical Temple
  1119 | D:4      | Noticed anet's ghost (amateur DEWz)
  1179 | Temple   | Became a worshipper of Gozag Ym Sagoz the Greedy
  1201 | D:4      | Noticed a slave
  1205 | D:4      | Noticed a slave
  2173 | D:2      | Reached skill level 7 in Evocations
  2187 | D:2      | Found a bloodstained altar of Trog.
  2561 | D:2      | You fall through a shaft!
  3298 | D:4      | Noticed Dowan
  3309 | D:4      | Your ally died
  3323 | D:4      | Noticed Pikel
  3323 | D:4      | Noticed a slave
  3325 | D:4      | Noticed a slave
  3377 | Temple   | Killed Pikel
  3377 | Temple   | Reached skill level 8 in Evocations
  3377 | Temple   | Reached XP level 7. HP: 14/36 MP: 12/14
  3597 | D:4      | Noticed Edmund
  3606 | Temple   | Killed Edmund
  3606 | Temple   | Reached skill level 9 in Evocations
  3989 | D:4      | Found Oheelum's Antique Weapon Shoppe.
  4040 | D:4      | Noticed Menkaure
  4041 | D:4      | Noticed Grinder
  4044 | D:4      | Killed Menkaure
  4044 | D:4      | Reached XP level 8. HP: 42/42 MP: 14/16
  4044 | D:4      | Killed Grinder
  4044 | D:4      | Reached skill level 10 in Evocations
  4111 | D:4      | Noticed Duvessa
  4162 | D:4      | Killed anet's ghost
  4164 | D:4      | Killed Duvessa
  4592 | D:5      | Entered Level 5 of the Dungeon
  4948 | D:5      | Found a sand-covered staircase.
  4955 | Ossuary  | Entered an ossuary
  5303 | Ossuary  | Reached skill level 11 in Evocations
  5695 | D:5      | Noticed p0werm0de's ghost (amateur DsFE)
  5701 | D:5      | Killed p0werm0de's ghost
  5701 | D:5      | Reached XP level 9. HP: 40/46 MP: 18/18
  5929 | D:5      | Noticed Eustachio
  5969 | D:5      | Killed Eustachio
  5969 | D:5      | Reached skill level 5 in Fighting
  6134 | D:5      | Found a runed door.
  6645 | D:5      | Got a faintly glowing iron ring
  6690 | D:5      | Noticed Prince Ribbit
  6709 | D:5      | Killed Prince Ribbit
  6709 | D:5      | Reached skill level 12 in Evocations
  7201 | D:5      | Noticed Crazy Yiuf
  7358 | D:5      | Killed Crazy Yiuf
  7374 | D:5      | Identified the ring "Hevam" {rElec Str+5} (You took it off an orc on level 5 of the Dungeon)
  7813 | D:6      | Found a bloodstained altar of Trog.
  8247 | D:6      | Reached skill level 10 in Dodging
  8368 | D:6      | Found Qiysyu's Jewellery Shop.
  8376 | D:6      | Bought an uncursed amulet of guardian spirit for 420 gold pieces
  8996 | D:7      | Found a glowing silver altar of Zin.
  8996 | D:7      | Found a shadowy altar of Dithmenos.
  9058 | D:7      | Reached skill level 13 in Evocations
  9314 | D:7      | Paralysed by a hornet for 1 turns
  9488 | D:7      | Reached XP level 10. HP: 50/53 MP: 18/20
 10110 | D:8      | Noticed a two-headed ogre
 10119 | D:8      | Killed a two-headed ogre
 10279 | D:8      | Reached skill level 14 in Evocations
 10899 | D:9      | Noticed Amnesiac's ghost (novice SpAr)
 10928 | D:9      | Killed Amnesiac's ghost
 11824 | D:9      | Noticed an oklob plant
 11832 | D:9      | Killed an oklob plant
 11832 | D:9      | Reached skill level 15 in Evocations
 11856 | D:9      | Found a blossoming altar of Fedhas.
 11910 | D:9      | Reached XP level 11. HP: 37/58 MP: 17/23
 12018 | D:9      | Identified the Tome of Nature
 12023 | D:9      | Learned a level 2 spell: Poisonous Vapours
 12077 | D:9      | Learned a level 3 spell: Mephitic Cloud
 12079 | D:9      | Learned a level 1 spell: Summon Small Mammal
 12080 | D:10     | Entered Level 10 of the Dungeon
 12084 | D:10     | Found a staircase to the Lair.
 12198 | D:10     | Noticed a two-headed ogre
 12228 | D:10     | Killed a two-headed ogre
 13258 | D:11     | Found a labyrinth entrance.
 13306 | Lab      | Entered a labyrinth
 13311 | Lab      | Learned a level 3 spell: Conjure Flame
 13727 | Lab      | Noticed a minotaur
 13754 | Lab      | Killed a minotaur
 13793 | D:11     | Noticed a brown ugly thing
 13958 | D:11     | Killed a brown ugly thing
 13958 | D:11     | Reached skill level 16 in Evocations
 14155 | D:11     | Got a steaming falchion
 14284 | D:11     | Noticed a purple ugly thing
 14287 | D:11     | Identified the +5 falchion of Indomitability {slice, +Rage rC- MR+++ Stlth+} (You found it on level 11 of the Dungeon)
 14307 | D:11     | Killed a purple ugly thing
 14321 | D:11     | Noticed an unseen horror
 14347 | D:11     | Killed an unseen horror
 14367 | D:11     | Gained mutation: You are weak. (Str -2) [mutagenic glow]
 14510 | D:11     | Lost mutation: You are weak. (Str -2) [potion of mutation]
 14510 | D:11     | Gained mutation: Your magical capacity is low. (-10% MP) [potion of mutation]
 14510 | D:11     | Gained mutation: You tend to lose your temper in combat. [potion of mutation]
 14510 | D:11     | Gained mutation: Your flesh is heat resistant. (rF+) [potion of mutation]
 14511 | D:11     | Lost mutation: Your magical capacity is low. (-10% MP) [potion of mutation]
 14511 | D:11     | Lost mutation: You tend to lose your temper in combat. [potion of mutation]
 14511 | D:11     | Gained mutation: You have large cloven feet. [potion of mutation]
 14511 | D:11     | Gained mutation: You have a somewhat thin skeletal structure. (Dex +2, Stealth) [potion of mutation]
 14511 | D:11     | Gained mutation: You have a pair of small antennae on your head. [potion of mutation]
 14787 | D:11     | Noticed a five-headed hydra
 14804 | D:11     | Killed a five-headed hydra
 14804 | D:11     | Reached skill level 5 in Short Blades
 14804 | D:11     | Reached skill level 5 in Stealth
 15064 | D:11     | Gained mutation: Potions are less effective at restoring your health. [mutagenic glow]
 15603 | D:12     | Noticed a seven-headed hydra
 15604 | D:12     | Noticed a queen ant
 15604 | D:12     | a seven-headed hydra changed into a queen ant
 15687 | D:12     | Killed a queen ant
 15687 | D:12     | Reached XP level 12. HP: 22/64 MP: 4/25
 16222 | D:12     | Found a staircase to the Orcish Mines.
 16238 | D:12     | Found a roughly hewn altar of Beogh.
 16918 | Orc:1    | Entered Level 1 of the Orcish Mines
 17235 | Orc:1    | Noticed a two-headed ogre
 17274 | Orc:1    | Killed a two-headed ogre
 17274 | Orc:1    | Reached skill level 10 in Stealth
 17476 | Orc:2    | Entered Level 2 of the Orcish Mines
 17506 | Orc:2    | Noticed an orc high priest
 17510 | Orc:2    | Noticed an orc high priest
 17519 | Orc:2    | Noticed an orc high priest
 17524 | Orc:2    | Killed an orc high priest
 17532 | Orc:2    | Noticed an orc warlord
 17534 | Orc:2    | Noticed an orc high priest
 17793 | Orc:2    | Found a runed door.
 17909 | Orc:2    | Noticed an orc high priest
 17928 | Orc:2    | Killed an orc high priest
 17989 | Orc:2    | Found Rerusem's Antique Weapon Boutique.
 18009 | Orc:2    | Reached skill level 10 in Short Blades
 18212 | Orc:2    | Found a staircase to the Elven Halls.
 18373 | Orc:1    | Reached skill level 1 in Spellcasting
 18429 | Orc:2    | Gained mutation: Your magical capacity is low. (-10% MP) [a neqoxec]
 18680 | Orc:2    | Found Catsuxt's General Store.
 18754 | Orc:2    | Bought a quick blade for 450 gold pieces
 18791 | Orc:2    | Bought a warped hunting sling for 195 gold pieces
 18791 | Orc:2    | Identified the +6 hunting sling of the Sea {flame, MR+ Str-2 Dex+4} (You bought it in a shop on level 2 of the Orcish Mines)
 18825 | Orc:2    | Found a runed door.
 18829 | Orc:2    | Found the +10 large shield of Ignorance {rN+ Int-4}
 18898 | Orc:2    | Killed an orc high priest
 18898 | Orc:2    | Reached skill level 5 in Spellcasting
 18911 | Orc:2    | Killed an orc high priest
 18938 | Orc:2    | Killed an orc warlord
 19013 | Orc:2    | Found Niguwih's Book Boutique.
 19083 | Orc:2    | Reached XP level 13. HP: 45/68 MP: 23/23
 19139 | Orc:2    | Paralysed by an orc sorcerer for 3 turns
 19942 | Orc:2    | Found Kiucykoi's Antique Armour Shoppe.
 20204 | Orc:2    | Bought a book of Cantrips for 320 gold pieces
 20206 | Orc:2    | Learned a level 1 spell: Apportation
 20208 | Orc:2    | Learned a level 1 spell: Confusing Touch
 20368 | D:13     | Reached skill level 10 in Spellcasting
 20779 | D:13     | Found an iron altar of Okawaru.
 20855 | D:13     | Found a gate to the Vaults.
 21219 | D:14     | Learned a level 3 spell: Regeneration
 21223 | D:14     | Learned a level 3 spell: Spectral Weapon
 22349 | D:15     | Entered Level 15 of the Dungeon
 22393 | D:15     | Found an opulent altar of Gozag.
 22634 | D:15     | Reached skill level 17 in Evocations
 22699 | D:15     | Found a shadowy altar of Dithmenos.
 22700 | D:15     | Reached XP level 14. HP: 70/74 MP: 26/26
 22870 | D:15     | Noticed Nessos
 22878 | D:15     | Killed Nessos
 23167 | D:15     | Found a staircase to the Depths.
 23337 | D:15     | Learned a level 2 spell: Blink
 23342 | D:15     | Learned a level 4 spell: Passage of Golubria
 23347 | D:15     | Learned a level 4 spell: Summon Lightning Spire
 23349 | D:15     | Learned a level 1 spell: Infusion
 23405 | Depths:1 | Entered Level 1 of the Depths
 23412 | Depths:1 | Noticed a vampire knight
 23638 | Elf:1    | Entered Level 1 of the Elven Halls
 23841 | Elf:1    | Identified 3 scrolls of acquirement {!r}
 23881 | Elf:1    | Reached skill level 18 in Evocations
 24032 | Elf:1    | Noticed Donald
 24033 | Elf:1    | Noticed a deep elf sorcerer
 24038 | Elf:1    | Killed Donald
 24211 | Elf:1    | Killed a deep elf sorcerer
 24439 | Elf:1    | Noticed Azrael
 24569 | Elf:1    | Reached skill level 15 in Dodging
 25133 | Elf:1    | Reached skill level 19 in Evocations
 25318 | Elf:1    | Identified Sif Muna's Disquisition on Combat Magic
 25598 | Elf:1    | Killed Azrael
 25598 | Elf:1    | Reached XP level 15. HP: 64/80 MP: 27/27
 25721 | Elf:2    | Found Moihuturch's Assorted Antiques.
 25741 | Elf:2    | Reached skill level 10 in Fighting
 25839 | Elf:2    | Bought a glowing brass wand for 108 gold pieces
 25839 | Elf:2    | Bought a sharpened bone wand for 108 gold pieces
 25958 | Elf:2    | Found Lyjebb's Jewellery Shoppe.
 26220 | Elf:2    | Found a huge runed gate.
 26220 | Elf:2    | Found a huge runed gate.
 26220 | Elf:2    | Found a huge runed gate.
 26221 | Elf:2    | Found a huge runed gate.
 26221 | Elf:2    | Found a huge runed gate.
 26365 | Elf:2    | Found Jaggudy's General Store.
 26648 | Elf:2    | Reached skill level 20 in Evocations
 26984 | Elf:2    | Noticed a deep elf blademaster
 26999 | Elf:2    | Killed a deep elf blademaster
 27522 | Elf:3    | Entered Level 3 of the Elven Halls
 27959 | Elf:3    | Reached skill level 21 in Evocations
 28455 | Elf:3    | Reached XP level 16. HP: 86/86 MP: 28/28
 28703 | Elf:3    | Noticed a deep elf blademaster
 28896 | Elf:3    | Killed a deep elf blademaster
 28947 | Elf:3    | Noticed a deep elf blademaster
 28964 | Elf:3    | Noticed a deep elf blademaster
 29212 | Elf:2    | Lost mutation: Your flesh is heat resistant. (rF+) [potion of mutation]
 29212 | Elf:2    | Lost mutation: You have large cloven feet. [potion of mutation]
 29212 | Elf:2    | Lost mutation: You have a pair of small antennae on your head. [potion of mutation]
 29212 | Elf:2    | Gained mutation: You are somewhat resistant to further mutation. [potion of mutation]
 29255 | Elf:3    | Killed a deep elf blademaster
 29260 | Elf:3    | Killed a deep elf blademaster
 29323 | Elf:3    | Noticed a deep elf blademaster
 29603 | Elf:3    | Killed a deep elf blademaster
 30114 | Elf:3    | Reached skill level 1 in Translocations
 30382 | Elf:3    | Noticed a deep elf master archer
 30397 | Elf:3    | Killed a deep elf master archer
 30397 | Elf:3    | Reached skill level 1 in Air Magic
 30955 | Elf:3    | Reached skill level 22 in Evocations
 31407 | Elf:3    | Got a twitching silver ring
 31458 | Elf:3    | Got a crude troll leather armour
 31469 | Elf:3    | Identified the +4 troll leather armour of the Ant {Regen+ Int+2} (You took it off a deep elf annihilator on level 3 of the Elven Halls)
 31483 | Elf:3    | Got a twisted quarterstaff {venom}
 31653 | Elf:3    | Noticed a deep elf master archer
 31668 | Elf:3    | Killed a deep elf master archer
 31890 | Elf:3    | Found the +2 mace of Variability {chaos}
 31921 | Elf:3    | Identified the Reference Book on Contamination and Weightlessness
 31967 | Elf:3    | Got an ichor-stained cloak
 31978 | Elf:3    | Identified the cursed +0 cloak of Lock {rPois rC+ rN+ MR+} (You found it on level 3 of the Elven Halls)
 32361 | D:15     | Identified the ring of Lesser Demons {rPois rF+ rC+ SInv} (You took it off a deep elf annihilator on level 3 of the Elven Halls)
 32441 | Depths:1 | Reached skill level 1 in Shields
 32663 | Depths:1 | Found Cier's Demolitions Depot.
 32870 | Depths:1 | Bought a book of Geomancy for 630 gold pieces
 32873 | Depths:1 | Learned a level 2 spell: Passwall
 32873 | Depths:1 | Bought a manual of Fighting for 1987 gold pieces
 32873 | Depths:1 | Bought a manual of Shields for 1987 gold pieces
 32991 | Depths:1 | Reached XP level 17. HP: 93/93 MP: 26/30
 33559 | Depths:1 | Found a gateway to Hell.
 33603 | Depths:2 | Reached skill level 5 in Shields
 34140 | Depths:2 | Found a snail-covered altar of Cheibriados.
 34217 | Depths:2 | Found a one-way gate to the infinite horrors of the Abyss.
 35496 | Depths:2 | Reached skill level 15 in Fighting
 36011 | Hell     | Entered the Vestibule of Hell
 36011 | Hell     | Noticed Geryon
 36400 | Depths:3 | Reached XP level 18. HP: 104/104 MP: 25/30
 36579 | Depths:3 | Reached skill level 10 in Shields
 36726 | Depths:3 | Found a one-way gate leading to the halls of Pandemonium.
 37703 | Depths:3 | Reached skill level 15 in Stealth
 41242 | Depths:4 | Found a gateway to a ziggurat.
 41724 | Depths:4 | Noticed Mennas
 42034 | Depths:4 | HP: 5/104 [shadow dragon/bolt of negative energy (24)]
 42743 | Depths:4 | Found Ehygeuf's Jewellery Shop.
 42745 | Depths:4 | Found Jucou's Gadget Shoppe.
 42746 | Depths:4 | Found Ysuss's Jewellery Shop.
 42861 | Depths:4 | Bought a wand of clouds (2) for 306 gold pieces
 42861 | Depths:4 | Bought a wand of disintegration (20) for 408 gold pieces
 42861 | Depths:4 | Bought a wand of iceblast (7) for 187 gold pieces
 42861 | Depths:4 | Bought a wand of paralysis (10) for 204 gold pieces
 43756 | Depths:4 | Reached skill level 1 in Armour
 43803 | Depths:5 | Entered Level 5 of the Depths
 44006 | Depths:4 | Reached XP level 19. HP: 101/108 MP: 22/31
 46740 | Depths:4 | Reached skill level 5 in Armour
 48674 | Hell     | Noticed Murray
 49356 | Depths:2 | Killed Murray
 52001 | Hell     | Killed Geryon
 52127 | Hell     | Found a gateway to the freezing wastes of Cocytus.
 52267 | Hell     | Found a gateway to the Iron City of Dis.
 52360 | Hell     | Found a gateway to the ashen valley of Gehenna.
 52424 | Hell     | Found a gateway to the decaying netherworld of Tartarus.
 52535 | Hell     | Bought a ration for 70 gold pieces
 52535 | Hell     | Bought a ration for 70 gold pieces
 52535 | Hell     | Bought a ration for 70 gold pieces
 52535 | Hell     | Bought a ration for 70 gold pieces
 52535 | Hell     | Bought a ration for 70 gold pieces
 52535 | Hell     | Bought a ration for 70 gold pieces
 52535 | Hell     | Bought a ration for 70 gold pieces
 52535 | Hell     | Bought a ration for 70 gold pieces
 52535 | Hell     | Bought a ration for 70 gold pieces
 52535 | Hell     | Bought a ration for 70 gold pieces
 52539 | Dis:1    | Entered Level 1 of the Iron City of Dis
 52612 | Dis:2    | Noticed an iron giant
 52672 | Dis:2    | Noticed an iron giant
 53190 | Dis:4    | Noticed an iron giant
 53748 | Dis:6    | Noticed a bone dragon
 53969 | Dis:6    | Noticed a Tzitzimitl
 54033 | Dis:7    | Entered Level 7 of the Iron City of Dis
 54103 | Dis:7    | Noticed a bone dragon
 54105 | Dis:7    | Noticed an iron giant
 54304 | Orc:2    | Bought a scroll of teleportation for 45 gold pieces
 54409 | Elf:2    | Bought a scroll of teleportation for 45 gold pieces
 55403 | Dis:6    | Noticed an iron giant
 55543 | Dis:7    | Noticed an iron giant
 55601 | Dis:7    | Noticed a Brimstone Fiend
 55604 | Dis:7    | Got a ripped robe
 55680 | D:15     | Bought glowing gold dragon scales for 2324 gold pieces
 55690 | D:15     | Identified the cursed +0 robe of Brilliance {Int+6} (You found it on level 7 of the Iron City of Dis)
 55817 | Lair:1   | Entered Level 1 of the Lair of Beasts
 56021 | Lair:1   | Found a frozen archway.
 56027 | IceCv    | Entered an ice cave
 56371 | IceCv    | Reached XP level 20. HP: 86/113 MP: 25/32
 56935 | IceCv    | Reached skill level 10 in Armour
 59690 | Lair:3   | Found a hole to the Spider Nest.
 60390 | Lair:4   | Found a staircase to the Shoals.
 60667 | Lair:4   | Reached skill level 23 in Evocations
 61165 | Lair:5   | Noticed Josephine
 61205 | Lair:5   | Killed Josephine
 61326 | Lair:5   | Found a staircase to the Slime Pits.
 62114 | Lair:6   | Entered Level 6 of the Lair of Beasts
 62140 | Lair:6   | Found the amulet of the Air {Inacc +Fly rElec EV+5 RMsl}
 62456 | Lair:6   | Found a runed door.
 64050 | Lair:6   | Found a snail-covered altar of Cheibriados.
 64481 | Depths:2 | Voluntarily entered the Abyss.
 64487 | Abyss:1  | Found a corrupted altar of Lugonu.
 64827 | Abyss:4  | Found a corrupted altar of Lugonu.
 64891 | Abyss:4  | Found a corrupted altar of Lugonu.
 64907 | Abyss:4  | Got an abyssal rune of Zot
 64926 | Abyss:5  | Entered Level 5 of the Abyss
 64937 | Abyss:5  | Found a corrupted altar of Lugonu.
 64956 | Depths:2 | Escaped the Abyss
 65239 | Depths:2 | Voluntarily entered the Abyss.
 65641 | Depths:2 | Escaped the Abyss
 66098 | Slime:1  | Entered Level 1 of the Pits of Slime
 66168 | Slime:5  | Entered Level 5 of the Pits of Slime
 66711 | Slime:5  | Noticed the Royal Jelly
 66738 | Slime:5  | HP: 5/113 [acid (4)]
 66755 | Slime:5  | Lost mutation: You have a somewhat thin skeletal structure. (Dex +2, Stealth) [a shining eye]
 66785 | Slime:4  | Lost mutation: Potions are less effective at restoring your health. [potion of mutation]
 66785 | Slime:4  | Lost mutation: You are somewhat resistant to further mutation. [potion of mutation]
 66785 | Slime:4  | Lost mutation: Your magical capacity is low. (-10% MP) [potion of mutation]
 66785 | Slime:4  | Gained mutation: You have sharp toenails. [potion of mutation]
 66785 | Slime:4  | Gained mutation: Your spells are a little harder to cast, but a little more powerful. [potion of mutation]
 67380 | Slime:5  | Gained mutation: You are frail. (-10% HP) [a shining eye]
 67658 | Slime:4  | Gained mutation: Your body sometimes deteriorates upon taking damage. [a shining eye]
 67845 | Slime:5  | Found a viscous altar of Jiyva.
 67871 | Slime:5  | Found the ring of Phasing {EV+8}
 67904 | Slime:5  | Killed the Royal Jelly
 68068 | Slime:5  | Got a fine hunting sling
 68069 | Slime:5  | Identified the +10 hunting sling "Cukoc" {flame, rC+ MR+ Str+2} (You found it on level 5 of the Pits of Slime)
 68072 | Slime:5  | Got a slimy rune of Zot
 68101 | Slime:5  | Got a warped short sword
 68102 | Slime:5  | Identified the cursed +1 short sword "Nagiyl" {venom, rN+ Dex+3} (You found it on level 5 of the Pits of Slime)
 68621 | Slime:5  | Reached XP level 21. HP: 76/105 MP: 28/37
 69054 | Slime:4  | Gained mutation: You do not regenerate when monsters are visible. [a shining eye]
 69358 | Slime:4  | Reached skill level 24 in Evocations
 71788 | Slime:1  | Gained mutation: Your magical capacity is low. (-10% MP) [a shining eye]
 71962 | Slime:1  | Gained mutation: Your magical capacity is very low. (-20% MP) [a shining eye]
 71972 | Slime:1  | Gained mutation: You are very frail. (-20% HP) [a shining eye]
 72359 | Slime:1  | Gained mutation: Your body often deteriorates upon taking damage. [a shining eye]
 73006 | Slime:1  | Lost mutation: You do not regenerate when monsters are visible. [potion of mutation]
 73006 | Slime:1  | Lost mutation: Your body often deteriorates upon taking damage. [potion of mutation]
 73006 | Slime:1  | Lost mutation: You are very frail. (-20% HP) [potion of mutation]
 73007 | Slime:1  | Lost mutation: You are frail. (-10% HP) [potion of mutation]
 73007 | Slime:1  | Lost mutation: Your magical capacity is very low. (-20% MP) [potion of mutation]
 73007 | Slime:1  | Lost mutation: Your magical capacity is low. (-10% MP) [potion of mutation]
 73007 | Slime:1  | Gained mutation: You passively map a small area around you. [potion of mutation]
 73996 | Depths:3 | Killed Mennas
 75171 | Depths:5 | Reached skill level 1 in Long Blades
 75529 | Depths:5 | Noticed a golden dragon
 75566 | Depths:5 | Killed a golden dragon
 75718 | Depths:5 | Found a gate to the Realm of Zot.
 76096 | Depths:5 | Reached skill level 5 in Long Blades
 76748 | Depths:4 | Voluntarily entered the Abyss.
 76825 | Abyss:1  | Found a corrupted altar of Lugonu.
 76831 | Abyss:1  | Lost mutation: You have sharp toenails. [potion of mutation]
 76831 | Abyss:1  | Lost mutation: Your spells are a little harder to cast, but a little more powerful. [potion of mutation]
 76831 | Abyss:1  | Lost mutation: Your body sometimes deteriorates upon taking damage. [potion of mutation]
 76831 | Abyss:1  | Gained mutation: You have very sharp teeth. [potion of mutation]
 76831 | Abyss:1  | Gained mutation: You are robust. (+10% HP) [potion of mutation]
 76982 | Abyss:2  | Paralysed by accursed screaming for 1 turns
 77102 | Depths:4 | Escaped the Abyss
 77225 | Depths:4 | Voluntarily entered the Abyss.
 77420 | Abyss:2  | Found a corrupted altar of Lugonu.
 77500 | Abyss:3  | Found a bloodstained altar of Trog.
 77675 | Abyss:4  | Found a corrupted altar of Lugonu.
 77720 | Abyss:5  | Entered Level 5 of the Abyss
 77908 | Abyss:5  | Reached XP level 22. HP: 89/134 MP: 39/39
 78034 | Abyss:5  | Got a scintillating ivory ring
 78174 | Depths:4 | Escaped the Abyss
 78515 | Depths:4 | Voluntarily entered the Abyss.
 78625 | Depths:4 | Escaped the Abyss
 78627 | Depths:4 | Voluntarily entered the Abyss.
 78683 | Abyss:2  | Found a corrupted altar of Lugonu.
 78793 | Depths:4 | Escaped the Abyss
 79176 | Orc:2    | Bought a runed demon blade for 540 gold pieces
 79278 | Orc:2    | Identified the ring of the Seven Dances {*Contam +Inv rC+ Int+2} (You found it on level 5 of the Abyss)
 79460 | Depths:2 | Voluntarily entered the Abyss.
 79460 | Abyss:1  | Found a corrupted altar of Lugonu.
 79520 | Abyss:1  | Found a corrupted altar of Lugonu.
 79691 | Abyss:1  | Paralysed by accursed screaming for 1 turns
 80268 | Abyss:1  | Paralysed by accursed screaming for 1 turns
 80975 | Depths:2 | Escaped the Abyss
 81412 | Dis:3    | Reached skill level 10 in Long Blades
 84374 | Dis:7    | HP: 6/134 [iron golem (4)]
 84376 | Dis:7    | HP: 2/134 [ice devil (2)]
 84377 | Dis:7    | Mangled by a Hell Sentinel

Vault maps used:
D:1:      lemuel_arrival_cross, roderic_roman_lattice, minmay_lizard_king
D:2:      nicolae_overflow_hidden_temple, first_ration, trog_butcher_becter
D:4:      minmay_temple_entry_butterflies, serial_shops, shop_fountains,
          uniq_edmund, uniq_pikel, uniq_blork_the_orc, uniq_grinder,
          uniq_duvessa, uniq_menkaure
D:5:      minmay_diamond_boxcup, chequers_ossuary_entry_cave,
          minmay_misc_feat_square, uniq_crazy_yiuf_cottage, uniq_eustachio,
          uniq_prince_ribbit1
D:6:      trog_ov_bears_minmay, serial_shops, shop
D:7:      gammafunk_temple_overflow_elements, minmay_strange_pillars
D:9:      introduction_to_nature_2
D:10:     minmay_lair_entry_lava
D:11:     lab_entry_generic
D:12:     minmay_orc_entry_temple_small
D:13:     david_vaults_5, basic_altar
D:14:     corexii_hall_statues_t, hangedman_stone_soup,
          minmay_gold_behind_fungi, minivault_4
D:15:     grunt_enter_depths_snipers, serial_park_tiny_1, basic_altar,
          nicolae_dithmenos_through_a_glass_darkly, uniq_nessos
Temple:   compressed_dpeg_circular_temple
Lair:1:   portal_ice_cave_rime
Lair:2:   forest_entry_grove
Lair:3:   nicolae_spider_entry_non_spiders, special_room
Lair:4:   elwin_shoals_entry_rocks
Lair:5:   minmay_slime_entry_oklob_open, uniq_josephine
Lair:6:   guppyfry_lair_end_dragon, wormcave, st_stairs_13,
          kennysheep_snail_temple
Orc:2:    grunt_orc_gardens, grunt_orc_garden, grunt_orc_garden,
          grunt_orc_garden, grunt_orc_garden, chequers_guarded_unrand_ignorance
Elf:1:    eino_elf_arrival_the_gate, minmay_elf_annihilation,
          nicolae_elf_big_sculpture_2, spider_trap, uniq_azrael, uniq_donald
Elf:2:    serial_shops, shop_fountains, nicolae_shop_statue_plus, shop
Elf:3:    minmay_elf_hall_furrowed
Depths:1: serial_bayou_pond_e, pf_hell_entry_great_geh, nicolae_blasting_shop
Depths:2: minmay_the_grid_octo_tiled_octocenter, abyss_entry,
          hangedman_coc_ice_floe
Depths:3: minmay_box_of_statues, hell_entry, serial_sigils_hangedman_stare,
          minmay_room_of_horrors, pan_entry
Depths:4: dpeg_oklob_gauntlet, enter_ziggurat_a, abyss_entry, hell_entry,
          serial_bayou_lagoon_a, grunt_megastairs_3,
          infiniplex_staircase_pool_2, minmay_shop_grove, firewood_loft,
          uniq_mennas
Depths:5: grunt_zot_entry_hairpin, hangedman_abyss_or_decor_passed,
          lightli_too_deep, serial_bayou_shore_b
Dis:3:    grunt_megastairs_1
Dis:7:    iron_city_of_dis
Abyss:1:  bh_abyss_negative
Abyss:2:  evilmike_abyss_exit_mutagenic, evilmike_abyss_exit_1,
          hangedman_cross_veins, evilmike_abyss_exit_6
Abyss:3:  nicolae_abyss_rune_star_stuff, guppyfry_abyss_exit_glass_guarded,
          evilmike_abyss_exit_3, hangedman_abyss_exit_choices
Abyss:4:  guppyfry_abyss_exit_imp_island, hangedman_summoners_spam,
          evilmike_abyss_rune_elephants_shrine, evilmike_abyss_exit_smiterflies,
          hangedman_decor_riveting, hangedman_abyss_or_decor_lesser_grid,
          hangedman_decor_lopped, evilmike_abyss_exit_kraken
Abyss:5:  bh_abyss_exit_spiral, hangedman_decor_points, due_exit_kobolds,
          serial_sigils_hangedman_quiver, evilmike_abyss_exit_vortex,
          evilmike_abyss_exit_17, hangedman_abyss_sting,
          guppyfry_abyss_exit_imp_island, guppyfry_abyss_exit_spiral_guarded,
          minivault_5
Lab:      labyrinth_hidden_loot
Ossuary:  ossuary_tomb_3
IceCv:    ice_cave_caverns_02

Skill      XL: |  1  2  3  4  5  6  7  8  9 10 11 12 13 14 15 16 17 18 19 20 21 22 |
---------------+-------------------------------------------------------------------+-----
Fighting       | 1 2 3 4 5 7 8 9 10 11 15 | 15.0
Stealth        | 2 6 10 13 18 | 18.1
Short Blades   | 2 6 10 | 10.0
Dodging        | 4 5 6 7 8 10 12 13 15 17 18 20 | 20.0
Evocations     | 5 6 8 9 11 13 15 16 17 19 21 22 23 24 | 24.5
Spellcasting   | 7 10 | 10.0
Charms         | 2 |  2.0
Translocations | 2 |  2.0
Air Magic      | 2 |  2.0
Shields        | 3 9 10 | 10.5
Armour         | 1 9 12 14 | 14.0
Long Blades    | 6 12 | 12.2

Action                   |  1- 3 |  4- 6 |  7- 9 | 10-12 | 13-15 | 16-18 | 19-21 | 22-24 || total
-------------------------+-------+-------+-------+-------+-------+-------+-------+-------++-------
Melee: Short sword       |    65 |   141 |    72 |       |       |       |       |       ||   278
       Whip              |       |       |   215 |     2 |       |       |       |       ||   217
       Quarterstaff      |       |       |   121 |   335 |       |       |       |       ||   456
       Dagger            |       |       |       |   625 |   426 |       |       |       ||  1051
       Kick              |       |       |       |   188 |   361 |    17 |   881 |       ||  1447
       Quick blade       |       |       |       |     6 |   482 |  1295 |  5759 |   299 ||  7841
       Unarmed           |       |       |       |       |    89 |   221 |   193 |       ||   503
       Pair of quick bla |       |       |       |       |       |    70 |       |       ||    70
       Bite              |       |       |       |       |       |       |    78 |   282 ||   360
       Demon blade       |       |       |       |       |       |       |       |  1090 ||  1090
 Fire: Hunting sling     |       |       |    61 |    30 |     8 |       |       |       ||    99
       Blowgun           |       |       |       |       |       |     4 |       |       ||     4
Throw: Stone             |       |     6 |    14 |       |     1 |       |       |       ||    21
 Cast: Poisonous Vapours |       |       |       |    10 |       |       |       |       ||    10
       Mephitic Cloud    |       |       |       |    10 |    45 |    96 |    17 |       ||   168
       Conjure Flame     |       |       |       |     2 |    18 |    31 |     3 |       ||    54
       Confusing Touch   |       |       |       |       |    38 |    79 |    94 |       ||   211
       Spectral Weapon   |       |       |       |       |     1 |       |     1 |       ||     2
       Passwall          |       |       |       |       |       |     3 |       |       ||     3
       Summon Small Mamm |       |       |       |       |       |     1 |       |       ||     1
       Blink             |       |       |       |       |       |     2 |    15 |       ||    17
       Infusion          |       |       |       |       |       |       |     1 |       ||     1
Invok: Call Merchant     |       |       |       |       |       |     2 |     2 |       ||     4
       Potion Petition   |       |       |       |       |       |     2 |     6 |     5 ||    13
 Abil: Evoke Invisibilit |       |       |       |    11 |    12 |    10 |     5 |     2 ||    40
       Evoke Flight      |       |       |       |       |       |       |     1 |       ||     1
       Evoke Berserk Rag |       |       |       |       |       |       |       |     4 ||     4
Evoke: Wand              |    11 |    19 |    17 |    39 |     7 |    41 |    79 |    20 ||   233
       Lightning rod     |       |       |       |       |       |       |     4 |       ||     4
       Horn of Geryon    |       |       |       |       |       |       |     3 |     2 ||     5
       Box of beasts     |       |       |       |       |       |       |     5 |     5 ||    10
       Fan of gales      |       |       |       |       |       |       |     1 |     2 ||     3
       Crystal ball of e |       |       |       |       |       |       |       |     2 ||     2
  Use: Scroll            |       |     6 |       |    19 |    10 |     8 |    25 |     7 ||    75
       Potion            |       |       |     1 |     7 |     4 |    12 |    22 |    23 ||    69
 Stab: Sleeping          |     1 |    17 |     7 |    30 |    48 |    42 |    21 |       ||   166
       Paralysed         |       |     4 |       |     3 |       |     1 |     4 |     3 ||    15
       Confused          |       |     3 |     2 |    11 |    74 |   173 |   116 |       ||   379
       Distracted        |       |       |     1 |    10 |     2 |    11 |    40 |     9 ||    73
       Petrified         |       |       |       |    15 |       |       |       |       ||    15
       Invisible         |       |       |       |    40 |    49 |    42 |    57 |    17 ||   205
       Petrifying        |       |       |       |     1 |       |       |       |       ||     1
  Eat: Ration            |       |       |     5 |    12 |    13 |    13 |    20 |    11 ||    74
Armor: Robe              |     2 |    10 |    67 |    62 |    34 |    20 |    17 |       ||   212
       Gold dragon scale |       |       |       |       |       |       |   570 |   248 ||   818
       Troll leather arm |       |       |       |       |       |       |    33 |       ||    33
Dodge: Dodged            |    42 |   105 |   583 |   853 |   484 |   642 |  2245 |   941 ||  5895
       Deflected         |       |       |       |       |       |       |     4 |    11 ||    15
Block: Buckler           |       |       |       |       |       |   245 |  1564 |   564 ||  2373
       Rpst.: Demon blade |       |       |       |       |       |       |       |   195 ||   195

Table legend:
 A = Spawn XP
 B = Non-spawn XP
 C = Spawn XP percentage of total XP
 D = Spawn monster count
 E = Non-spawn monster count
 F = Spawn count percentage of total count
 G = Total turns spent on level
                    A         B        C        D         E        F      G
               +---------+---------+-------+---------+---------+-------+---------
         Total |   36020 |  786600 |   4.4 |      87 |    1657 |   5.0 | 84377
               +---------+---------+-------+---------+---------+-------+---------
           D:1 |       0 |      47 |   0.0 |       0 |      29 |   0.0 |  1265
           D:2 |       0 |      73 |   0.0 |       0 |      17 |   0.0 |   782
           D:3 |       0 |     182 |   0.0 |       0 |      10 |   0.0 |   978
           D:4 |       0 |     935 |   0.0 |       0 |      13 |   0.0 |   970
           D:5 |       0 |    2038 |   0.0 |       0 |      27 |   0.0 |  2582
           D:6 |       0 |     532 |   0.0 |       0 |      16 |   0.0 |  1079
           D:7 |       0 |    1059 |   0.0 |       0 |      17 |   0.0 |  1053
           D:8 |       0 |    2051 |   0.0 |       0 |      30 |   0.0 |   873
           D:9 |       0 |    3114 |   0.0 |       0 |      38 |   0.0 |  1201
          D:10 |       0 |    1343 |   0.0 |       0 |       9 |   0.0 |  1135
          D:11 |       0 |    6699 |   0.0 |       0 |      38 |   0.0 |  2124
          D:12 |       0 |    5045 |   0.0 |       0 |      40 |   0.0 |  1526
          D:13 |       0 |    6080 |   0.0 |       0 |      20 |   0.0 |  1114
          D:14 |       0 |   12156 |   0.0 |       0 |      36 |   0.0 |  1381
          D:15 |       0 |   12188 |   0.0 |       0 |      27 |   0.0 |  1652
        Temple |       0 |     858 |   0.0 |       0 |       6 |   0.0 |   671
        Lair:1 |       0 |    2243 |   0.0 |       0 |      10 |   0.0 |   939
        Lair:2 |       0 |    4509 |   0.0 |       0 |      14 |   0.0 |   859
        Lair:3 |       0 |   10320 |   0.0 |       0 |      63 |   0.0 |  1328
        Lair:4 |       0 |    4548 |   0.0 |       0 |      19 |   0.0 |   880
        Lair:5 |       0 |    7926 |   0.0 |       0 |      23 |   0.0 |  1134
        Lair:6 |       0 |   21614 |   0.0 |       0 |      75 |   0.0 |  2081
       Slime:1 |       0 |   12929 |   0.0 |       0 |      27 |   0.0 |  1028
       Slime:2 |       0 |   13194 |   0.0 |       0 |      19 |   0.0 |  1453
       Slime:3 |       0 |   14501 |   0.0 |       0 |      30 |   0.0 |  1101
       Slime:4 |       0 |   22215 |   0.0 |       0 |      27 |   0.0 |  1690
       Slime:5 |       0 |   32266 |   0.0 |       0 |      23 |   0.0 |  1656
         Orc:1 |       0 |    3168 |   0.0 |       0 |      40 |   0.0 |  1487
         Orc:2 |       0 |   17328 |   0.0 |       0 |      66 |   0.0 |  2643
         Elf:1 |       0 |   32211 |   0.0 |       0 |      58 |   0.0 |  2316
         Elf:2 |       0 |   35712 |   0.0 |       0 |      54 |   0.0 |  3417
         Elf:3 |       0 |   69010 |   0.0 |       0 |      67 |   0.0 |  3305
      Depths:1 |       0 |   19622 |   0.0 |       0 |      27 |   0.0 |  2608
      Depths:2 |       0 |   64396 |   0.0 |       0 |      71 |   0.0 |  6430
      Depths:3 |       0 |   66187 |   0.0 |       0 |      80 |   0.0 |  6242
      Depths:4 |       0 |   69406 |   0.0 |       0 |      77 |   0.0 |  6304
      Depths:5 |       0 |   43026 |   0.0 |       0 |      40 |   0.0 |  2312
          Hell |       0 |   19865 |   0.0 |       0 |      38 |   0.0 |  1869
         Dis:1 |       0 |     582 |   0.0 |       0 |       2 |   0.0 |    60
         Dis:2 |       0 |   13538 |   0.0 |       0 |      27 |   0.0 |   546
         Dis:3 |       0 |   26670 |   0.0 |       0 |      38 |   0.0 |  1112
         Dis:4 |       0 |   11173 |   0.0 |       0 |      27 |   0.0 |   777
         Dis:5 |       0 |    5560 |   0.0 |       0 |      14 |   0.0 |   283
         Dis:6 |       0 |    8310 |   0.0 |       0 |      31 |   0.0 |   663
         Dis:7 |       0 |   26824 |   0.0 |       0 |      43 |   0.0 |  1078
       Abyss:1 |   22628 |   22303 |  50.4 |      58 |      62 |  48.3 |  2424
       Abyss:2 |    2645 |    5072 |  34.3 |       7 |       8 |  46.7 |   507
       Abyss:3 |    3644 |     935 |  79.6 |       7 |       2 |  77.8 |   412
       Abyss:5 |    7103 |   10814 |  39.6 |      15 |      15 |  50.0 |   484
           Lab |       0 |    1277 |   0.0 |       0 |       1 |   0.0 |   454
       Ossuary |       0 |     152 |   0.0 |       0 |      16 |   0.0 |   626
         IceCv |       0 |   12794 |   0.0 |       0 |      50 |   0.0 |  1339
               +---------+---------+-------+---------+---------+-------+---------
